 Dungeon Crawl Stone Soup version 0.30.1-9-gdf580d7c3d (webtiles) character file.

Game seed: 14360609815424054991

529 lonewolfV2 the Trooper (level 7, -3/58 HPs)
             Began as a Demonspawn Chaos Knight on Oct 24, 2023.
             Was a Plaything of Xom.
             Succumbed to an orc wizard's poison
             ... on level 4 of the Dungeon.
             The game lasted 00:08:08 (3694 turns).

lonewolfV2 the Trooper (Demonspawn Chaos Knight)    Turns: 3694, Time: 00:08:08

Health: -3/58      AC: 12    Str: 14    XL:     7   Next: 3%
Magic:  7/7        EV: 11    Int: 14    God:    Xom [...*..]
Gold:   140        SH:  4    Dex: 10    Spells: 6/6 levels left

rFire   . . .        a - +1 hand axe (protect)
rCold   . . .        (no shield)
rNeg    . . .        b - +2 leather armour
rPois   .            (helmet restricted)
rElec   .            (no cloak)
rCorr   .            (no gloves)
SInv    .            (no boots)
Will    .....        (no amulet)
Stlth   +            (no ring)
HPRegen 0.29/turn    (no ring)
MPRegen 0.10/turn

%: no passive effects
@: lethally poisoned (-3 -> -22), under a protective aura
A: large bone plates 1, demonic magic 1, horns 1, clumsy 1, screaming 1
a: Renounce Religion


You were on level 4 of the Dungeon.
You worshipped Xom.
You were a favourite toy of Xom.
You visited 1 branch of the dungeon, and saw 4 of its levels.

You collected 140 gold pieces.

Inventory:

Hand Weapons
 a - a +1 hand axe of protection (weapon)
Missiles
 h - a throwing net
Armour
 b - a +2 leather armour (worn)
Wands
 r - a wand of digging (5)
Potions
 e - a potion of attraction
 f - 2 potions of degeneration
Miscellaneous
 c - a piece from Xom's chessboard (15/15) (quivered)
 j - a phantom mirror


   Skills:
 * Level 6.0 Fighting
 + Level 4.2 Axes
 + Level 3.7 Armour
 - Level 1.0 Dodging


You had 6 spell levels left.
You didn't know any spells.
Your spell library contained the following spells:

 Spells                   Type           Power      Damage    Failure   Level
 Gell's Gravitas          Tloc           0%         N/A       71%         3
 Ozocubu's Armour         Ice            0%         N/A       71%         3
 Teleport Other           Tloc           0%         N/A       71%         3
 Dispersal                Tloc           0%         N/A       100%        6
 Ozocubu's Refrigeration  Ice            0%         4d7       100%        7


Dungeon Overview and Level Annotations

Branches:
Dungeon (4/15)
 Temple: D:4-7

Altars:
Ru

Shops:
D:1 [

Annotations:
D:4 1 runed translucent door, aldskfj's ghost, amateur DsBe


Innate Abilities, Weirdness & Mutations

You are partially covered in large bone plates. (SH +4)
Spells you cast may paralyse adjacent enemies.
You have a pair of small horns on your head.
You are clumsy. (Dex -2)
You occasionally shout uncontrollably at your foes.


Message History

A magic dart appears from out of thin air!
The magic dart hits you.
You hit something.
Your weapon exudes an aura of protection.
Your headbutt misses something.
You feel very sick. You block something's attack.
Something hits you but does no damage.
You closely miss something.
You feel very sick. Something hits you but does no damage.
You are lethally poisoned!
Aiming: Phantom Mirror
Press: ? - help, Q - select action, (/) - cycle Dir - move target, f - orc priest
Aim: an orc priest, wielding a +0 falchion (unable to see you)
Okay, then.
As you read the scroll of teleportation, it crumbles to dust.
You feel strangely unstable.
* * * LOW HITPOINT WARNING * * *
You feel very sick. You block something's attack.
It was a potion of might.
You feel very mighty all of a sudden.
Xom thinks this is hilarious!
* * * LOW HITPOINT WARNING * * *
You feel sick. Something completely misses you.
It was a potion of cancellation.
You feel strangely stable.
Your magical effects are unravelling.
You feel magically purged.
You flicker back into view.
You feel a little less mighty now.
* * * LOW HITPOINT WARNING * * *
You feel very sick. Something hits you.
* * * LOW HITPOINT WARNING * * *
You are more poisoned.
You hit something.
Your weapon exudes an aura of protection.
Your headbutt misses something.
You die...
Xom thinks this is hilarious!

...# #..############
.....†........#
#..##########.# ##.# #.#
##.# #.#### ##.#
#....##### ##########
#.#
#.##.....###.........
#.#
#.##@#.......#####...
#.#
#.##{##..##..#####...
(...o###...(.........
.###.####..#######... #.
#.##8##..## #...
#.###.##..##..## ###.
#.#...##...##..######.
#.....##....##........
###.....88._...##..####.


You could see an orc priest.

Vanquished Creatures
  An orc priest (D:4)
  A hound (D:3)
  3 jellies (D:3)
  Crazy Yiuf (D:2)
  An iguana (D:4)
  Terence (D:3)
  2 worms (D:2)
  4 dart slugs
  An orc (D:3)
  11 ball pythons
  16 endoplasms
  7 giant cockroaches
  4 goblins
  10 hobgoblins
  18 kobolds
  2 quokkas (D:2)
  3 bats
  6 frilled lizards
  7 rats
99 creatures vanquished.

Vanquished Creatures (collateral kills)
  A troll (shapeshifter) (D:3)
1 creature vanquished.

Grand Total: 100 creatures vanquished

Notes
Turn   | Place    | Note
-------+----------+-------------------------------------------
     0 | D:1      | lonewolfV2 the Demonspawn Chaos Knight began the quest for
                  | the Orb.
     0 | D:1      | Reached XP level 1. HP: 18/18 MP: 1/1
    21 | D:1      | Reached skill level 1 in Dodging
    94 | D:1      | Gained mutation: You are partially covered in large bone
                  | plates. (SH +4) [demonic ancestry]
    94 | D:1      | Reached XP level 2. HP: 12/24 MP: 2/2
   271 | D:1      | XOM: potion effect (heal wounds)
   309 | D:1      | Found Buupnufe's Antique Armour Shoppe.
   382 | D:1      | Reached XP level 3. HP: 26/29 MP: 3/3
   708 | D:2      | XOM: noise
   764 | D:2      | XOM: god gift: phantom mirror
  1107 | D:2      | Reached skill level 4 in Fighting
  1114 | D:2      | Reached XP level 4. HP: 30/37 MP: 4/4
  1286 | D:2      | Found a runed translucent door.
  1287 | D:2      | Noticed Crazy Yiuf
  1343 | D:2      | XOM: polymorph goblin -> frilled lizard
  1561 | D:2      | XOM: give mutation
  1561 | D:2      | Gained mutation: You have a pair of small horns on your
                  | head. [Xom's grace]
  1590 | D:2      | Killed Crazy Yiuf
  1646 | D:2      | XOM: give mutation
  1646 | D:2      | Gained mutation: You occasionally shout uncontrollably at
                  | your foes. [Xom's mischief]
  1651 | D:2      | XOM: silly message
  1877 | D:3      | Noticed Terence
  1877 | D:3      | XOM: swap monsters
  1890 | D:3      | Killed Terence
  1960 | D:3      | Reached XP level 5. HP: 43/43 MP: 5/5
  2046 | D:3      | an adder changed into a shapeshifter
  2046 | D:3      | Noticed a shapeshifter (shapeshifter)
  2046 | D:3      | XOM: polymorph adder -> shapeshifter
  2046 | D:3      | a shapeshifter changed into a troll
  2046 | D:3      | Noticed a troll (shapeshifter)
  2049 | D:3      | XOM: butterfly on damage
  2052 | D:3      | HP: 1/43 [troll (shapeshifter) (4)]
  2053 | D:3      | Killed a troll
  2054 | D:3      | Reached skill level 5 in Fighting
  2054 | D:3      | Reached XP level 6. HP: 11/51 MP: 6/6
  2180 | D:3      | XOM: give mutation
  2180 | D:3      | Gained mutation: You are clumsy. (Dex -2) [Xom's mischief]
  2259 | D:3      | XOM: stat loss: -1 Dex (9/10)
  2504 | D:3      | XOM: scenery: 1 doors close
  2692 | D:3      | XOM: divination: detect items
  2712 | D:3      | Found a sacrificial altar of Ru.
  3140 | D:4      | XOM: 2-stop teleportation journey
  3196 | D:4      | XOM: summons 4 hostile shadow creatures
  3208 | D:4      | XOM: cloud trail
  3380 | D:4      | Reached skill level 6 in Fighting
  3380 | D:4      | Gained mutation: Spells you cast may paralyse adjacent
                  | enemies. [demonic ancestry]
  3380 | D:4      | Reached XP level 7. HP: 36/58 MP: 7/7
  3383 | D:4      | XOM: 2-stop teleportation journey
  3645 | D:4      | Found a runed translucent door.
  3646 | D:4      | Noticed aldskfj's ghost (amateur DsBe)
  3693 | D:4      | HP: 2/58 [something (3)]
  3694 | D:4      | Succumbed to an orc wizard's poison

Illustrated notes

Levels and vault maps discovered:
D:1:      dpeg_arrival_long_road, layout_rooms, serial_shops, shop_statue
D:2:      layout_loops_ring, minmay_indecisive_spiral, uniq_crazy_yiuf_cottage
D:3:      cheibrodos_fertilizer, layout_rooms, nicolae_ru_awakened_eye,
          uniq_terence
D:4:      layout_loops_ring, dreamdust_divine_triumvirate,
          ebering_ghost_inner_flame, amcnicky_mini_rare_corridor_liquid,
          saegor_snake_ambush, uniq_menkaure

Skill      XL: |  1  2  3  4  5  6 |
---------------+-------------------+-----
Dodging        | 1 |  1.0
Armour         | 2 3 |  3.7
Axes           | 3 4 |  4.2
Fighting       | 4 5 6 |  6.0

Action                     |  1- 3 |  4- 6 |  7- 9 || total
---------------------------+-------+-------+-------++-------
  Melee: Hand axe          |   121 |   140 |    12 ||   273
         Headbutt          |       |    32 |     2 ||    34
         Punch             |       |     2 |       ||     2
  Evoke: Piece from Xom's  |       |     4 |       ||     4
         Phantom mirror    |       |     1 |       ||     1
    Use: Scroll            |     4 |     7 |     1 ||    12
         Potion            |       |     2 |     5 ||     7
   Stab: Sleeping          |     1 |     1 |       ||     2
         Petrified         |       |     9 |       ||     9
 Armour: Leather armour    |    52 |    37 |     5 ||    94
  Dodge: Dodged            |    89 |    74 |     5 ||   168
  Block: Other             |    21 |    35 |     3 ||    59
